 Dungeon Crawl Stone Soup version 0.29-a0-830-gcb1280458a (webtiles) character file.

Game seed: 17745890231390254471

78 Locuples the Sneak (level 4, 0/34 HPs)
             Began as a Demonspawn Brigand on July 12, 2022.
             Slain by a bullfrog (2 damage)
             ... on level 3 of the Dungeon.
             The game lasted 00:04:27 (2505 turns).

Locuples the Sneak (Demonspawn Brigand)             Turns: 2505, Time: 00:04:28

Health: 0/34       AC:  3    Str: 11    XL:     4   Next: 15%
Magic:  4/4        EV: 14    Int: 12    God:
Gold:   90         SH:  0    Dex: 17    Spells: 3/3 levels left

rFire   . . .      SeeInvis .   a - +2 dagger
rCold   . . .      Faith    .   (no shield)
rNeg    . . .      Spirit   .   b - +0 robe
rPois   .          Reflect  .   (no helmet)
rElec   .          Harm     .   c - +0 cloak
rCorr   .          Rampage  .   (no gloves)
Will    .....                   (no boots)
Stlth   +++.......              (no amulet)
HPRegen 0.11/turn               (no ring)
MPRegen 0.18/turn               (no ring)

@: no status effects
A: repulsion field 1, magic regeneration, demonic touch 1
a: no special abilities


You were on level 3 of the Dungeon.
You visited 1 branch of the dungeon, and saw 3 of its levels.

You collected 90 gold pieces.

Inventory:

Hand Weapons
 a - a +2 dagger (weapon)
Missiles
 d - 13 poisoned darts (quivered)
 e - 3 curare-tipped darts
Armour
 b - a +0 robe (worn)
 c - a +0 cloak (worn)
Jewellery
 j - an amulet of the acrobat
Scrolls
 g - a scroll of enchant armour {unknown}
 i - 2 scrolls of identify {unknown}
 k - a scroll of vulnerability {unknown}
 l - a scroll of teleportation {unknown}
 n - a scroll of poison {unknown}
 o - a scroll of amnesia {unknown}
 q - 3 scrolls of blinking {unknown}
Potions
 f - 4 potions of curing {unknown}
 h - a potion of heal wounds {unknown}
 m - a potion of brilliance {unknown}
 p - a potion of mutation {unknown}
 r - a potion of degeneration {unknown}


   Skills:
 + Level 2.5 Fighting
 + Level 2.1 Short Blades
 - Level 1.7 Throwing
 + Level 1.2 Dodging
 * Level 4.9 Stealth


You had 3 spell levels left.
You didn't know any spells.
Your spell library contained the following spells:

 Spells                   Type           Power      Damage    Failure   Level
 Apportation              Tloc           0%         N/A       32%         1
 Magic Dart               Conj           0%         1d3       32%         1
 Necrotise                Necr           0%         1d4       32%         1
 Sting                    Tmut/Pois      0%         1d3       32%         1
 Summon Small Mammal      Summ           0%         N/A       32%         1
 Call Imp                 Summ           0%         N/A       45%         2
 Poisonous Vapours        Pois/Air       0%         N/A       45%         2
 Mephitic Cloud           Conj/Pois/Air  0%         N/A       69%         3
 Animate Armour           Summ/Erth      0%         N/A       97%         4
 Olgreb's Toxic Radiance  Pois           0%         N/A       97%         4
 Blade Hands              Tmut           0%         N/A       100%        5
 Iron Shot                Conj/Erth      0%         9d1       100%        6


Dungeon Overview and Level Annotations

Branches:
Dungeon (3/15)

Altars:


Innate Abilities, Weirdness & Mutations

You are surrounded by a mild repulsion field. (EV +2)
You regenerate magic rapidly.
Your touch may inflict minor irresistible damage on your foes.


Message History

The bullfrog hits you but does no damage.
An orc comes into view. It is wielding a +0 hand axe.
The ball python closely misses you. The ball python constricts you.
The orc moves out of view.
You see here a rat corpse.
You hit the bullfrog. Your touch misses the bullfrog.
The bullfrog is lightly wounded.
A bat comes into view.
The bullfrog hits you. The ball python bites you.
The ball python constricts you.
The bat moves out of view.
You hit the bullfrog.
You punch the bullfrog, but do no damage.
The bullfrog is moderately wounded.
The bullfrog closely misses you. The ball python bites you.
The ball python constricts you.
The bullfrog hits you but does no damage.
You escape the ball python's grasp.
The bullfrog hits you.
The ball python bites you but does no damage.
The ball python grabs you. The ball python constricts you.
The bullfrog barely misses you.
You escape the ball python's grasp.
The bullfrog misses you. The ball python bites you. The ball python grabs you.
The ball python constricts you.
The bullfrog hits you but does no damage.
You escape the ball python's grasp.
The ball python attacks as you move away!
The ball python closely misses you. The bullfrog barely misses you.
The ball python closely misses you. The ball python grabs you.
The ball python constricts you. The bullfrog hits you.
* * * LOW HITPOINT WARNING * * *
The ball python's grasp on you weakens, but your attempt to escape fails.
The orc hits you with a +0 dagger.
* * * LOW HITPOINT WARNING * * *
The bullfrog hits you.
* * * LOW HITPOINT WARNING * * *
The ball python closely misses you. The ball python constricts you.
* * * LOW HITPOINT WARNING * * *
You escape the ball python's grasp.
The orc attacks as you move away! The orc misses you. The bullfrog hits you.
You die...

#.# #.# #......
.....#
#.###.###.#..#.
..≈≈.....##
#............##
..≈≈......##
######.......>.
..≈≈..!....##
#.........###
..≈≈........#
#.#######.#
.≈≈≈≈.......# #.#
#.#
≈#≈≈#≈....b.####.#
#.#
≈≈≈≈≈≈≈≈≈SF@†....#
#.#
≈≈≈≈≈≈≈†≈≈o.'.##.#
#.##
≈#≈≈#≈.o....####.#
#..## ≈≈≈≈.......#
#.# #.#..
..≈≈........# #..
...#..
..≈≈.......## ###
#..###..
..≈≈......## #.#
.... ..≈≈.....##
#.......
........##
######..


You could see a bullfrog, 2 orcs, a bat and a ball python.

Vanquished Creatures
  An adder (D:2)
  A worm (D:2)
  3 dart slugs
  An orc (D:3)
  6 ball pythons (D:1)
  5 bats
  9 endoplasms
  5 giant cockroaches
  4 goblins
  2 hobgoblins
  2 quokkas
  A frilled lizard (D:3)
  8 kobolds
  6 rats
54 creatures vanquished.

Notes
Turn   | Place    | Note
-------+----------+-------------------------------------------
     0 | D:1      | Locuples the Demonspawn Brigand began the quest for the
                  | Orb.
     0 | D:1      | Reached XP level 1. HP: 16/16 MP: 1/1
   372 | D:1      | Reached skill level 4 in Stealth
   467 | D:1      | Gained mutation: Your touch may inflict minor irresistible
                  | damage on your foes. [demonic ancestry]
   467 | D:1      | Reached XP level 2. HP: 22/22 MP: 2/2
   567 | D:1      | Reached skill level 1 in Dodging
  1008 | D:1      | Gained mutation: You are surrounded by a mild repulsion
                  | field. (EV +2) [demonic ancestry]
  1008 | D:1      | Reached XP level 3. HP: 25/27 MP: 3/3
  2161 | D:3      | Gained mutation: You regenerate magic rapidly. [demonic
                  | ancestry]
  2161 | D:3      | Reached XP level 4. HP: 34/34 MP: 4/4
  2261 | D:3      | Found a faded altar of an unknown god.
  2494 | D:3      | Noticed a bullfrog
  2505 | D:3      | Slain by a bullfrog

Illustrated notes

Levels and vault maps discovered:
D:1:      lightli_arrival_noodles, layout_loops_corners, minmay_tetromino_t4
D:2:      layout_basic
D:3:      layout_loops_ring, shapermc_ecumenical_altar_notcrosses,
          kennysheep_cross_room

Skill      XL: |  1  2  3 |
---------------+----------+-----
Stealth        | 4 |  4.9
Dodging        | 1 |  1.2
Short Blades   | 2 |  2.1
Fighting       | |  2.5
Throwing       | |  1.7

Action                   |  1- 3 |  4- 6 || total
-------------------------+-------+-------++-------
Melee: Dagger            |   109 |    21 ||   130
       Touch             |    11 |     2 ||    13
       Punch             |       |     1 ||     1
 Stab: Sleeping          |    11 |     2 ||    13
Armor: Robe              |    29 |    13 ||    42
Dodge: Dodged            |    69 |    22 ||    91

Table legend: (Time is in decaauts)
 A = Elapsed time spent in this place.
 B = Non-inter-level travel time spent in this place.
 C = Inter-level travel time spent in this place.
 D = Time resting spent in this place.
 E = Time spent auto-exploring this place.
 F = Levels seen in this place.
 G = Mean time per level.
                   A        B        C        D        E       F      G
               +--------+--------+--------+--------+--------+-----+--------+
         Total |   2496 |   2496 |      0 |      0 |   1982 |   3 |  832.0 |
       Dungeon |   2496 |   2496 |      0 |      0 |   1982 |   3 |  832.0 |
               +--------+--------+--------+--------+--------+-----+--------+

Top non-repeatable levels by time:
     D:1: 1478 daAuts
     D:2: 539 daAuts
     D:3: 478 daAuts
